 Dungeon Crawl Stone Soup version 0.24.0-13-gcf9b3192b9 (webtiles) character file.

Game seed: 5423559047611187890, levelgen mode: deterministic

502 Descartes the Gusty (level 7, -1/36 HPs)
             Began as a Tengu Air Elementalist on Nov 5, 2019.
             Was an Initiate of Vehumet.
             Slain by a killer bee (8 damage)
             ... on level 4 of the Dungeon.
             The game lasted 00:13:26 (4992 turns).

Descartes the Gusty (Tengu Air Elementalist)        Turns: 4992, Time: 00:13:26

Health: -1/36      AC:  4    Str: 13    XL:     7   Next: 17%
Magic:  0/13       EV: 16    Int: 18    God:    Vehumet [......]
Gold:   275        SH:  0    Dex: 14    Spells: 0/13 levels left

rFire    + . .     SeeInvis .   j - +2 dagger (elec)
rCold    + . .     Gourm    .   (no shield)
rNeg     . . .     Faith    .   a - +0 robe
rPois    .         Spirit   +   (helmet restricted)
rElec    .         Reflect  .   (no cloak)
rCorr    .         Harm     .   (no gloves)
MR       .....                  (boots unavailable)
Stlth    ++........             h - amulet of guardian spirit
HPRegen  0.12/turn              x - +5 ring of strength
MPRegen  0.13/turn              C - ring of protection from fire

@: lethally poisoned (-1 -> -7), flying quickly and evasively, very slightly
contaminated, quick
A: beak, talons 3, molten scales 1, cold resistance 1, able to fly
a: Stop Flying, Renounce Religion


You were on level 4 of the Dungeon.
You worshipped Vehumet.
Vehumet was noncommittal.
You were hungry.

You visited 2 branches of the dungeon, and saw 6 of its levels.

You collected 275 gold pieces.

Inventory:

Hand Weapons
 j - a +2 dagger of electrocution (weapon)
 o - a cursed -3 spear
 q - a +1 dagger of venom
Missiles
 b - 39 poisoned darts (quivered)
 g - 82 stones
 k - 4 javelins
 r - 21 bolts
 u - 24 sling bullets
 w - a boomerang of dispersal
 A - 25 arrows
Armour
 a - a +0 robe (worn)
Jewellery
 h - an amulet of guardian spirit (around neck)
 x - a +5 ring of strength (left hand)
 C - a ring of protection from fire (right hand)
Wands
 B - a wand of acid (2)
Scrolls
 e - 4 scrolls of remove curse
 f - 2 scrolls of enchant weapon {unknown}
 l - 2 scrolls of teleportation {unknown}
 n - 2 scrolls of immolation {unknown}
 p - a scroll of magic mapping {unknown}
 y - a scroll of fog {unknown}
Potions
 d - a potion of haste
 s - a potion of might
 t - a potion of mutation
 z - 2 potions of berserk rage
Comestibles
 c - 7 rations


   Skills:
 + Level 2.2 Armour
 + Level 3.3 Dodging
 + Level 3.1 Stealth
 * Level 3.6 Spellcasting
 * Level 4.8 Conjurations
 + Level 0.1 Translocations
 * Level 6.0 Air Magic
 + Level 0.2 Evocations


You couldn't memorise any spells.
You knew the following spells:

 Your Spells              Type           Power        Failure   Level  Hunger
a - Shock                 Conj/Air       ###.         1%          1    None
b - Swiftness             Chrm/Air       ##......     7%          2    ##.....
c - Airstrike             Air            ###.......   13%         4    ####...
d - Lightning Bolt        Conj/Air       ###.......   43%         5    ######.
e - Apportation           Tloc           #.....       14%         1    None

Your spell library contained the following spells:

 Spells                   Type           Power        Failure   Level  Hunger
 Static Discharge         Conj/Air       ###.....     4%          3    ###....
 Animate Skeleton         Necr           N/A          16%         1    None
 Confusing Touch          Hex            #.....       16%         1    None
 Summon Small Mammal      Summ           #...         16%         1    None


Dungeon Overview and Level Annotations

Branches:
Dungeon (5/15)             Temple (1/1) D:4

Altars:
Ashenzari
Cheibriados
Dithmenos
Elyvilon
Gozag
Hepliaklqana
Kikubaaqudgha
Makhleb
Nemelex Xobeh
Okawaru
Qazlal
Ru
Sif Muna
Trog
Uskayaw
Vehumet
Wu Jian
Xom
Yredelemnul
Zin
The Shining One


Innate Abilities, Weirdness & Mutations

You have a beak for a mouth.
You have claws for feet.
You can fly continuously.
You are partially covered in molten scales. (AC +2)
Your flesh is cold resistant. (rC+)


Message History

The killer bee is severely wounded.
You feel sick. The killer bee barely misses you. The killer bee misses you.
You barely miss the killer bee. Your kick misses the killer bee.
The killer bee is severely wounded.
The killer bee stings you!
* * * LOW HITPOINT WARNING * * *
The killer bee stings you.
* * * LOW HITPOINT WARNING * * *
You miss the killer bee. Your kick misses the killer bee.
The killer bee is severely wounded.
The killer bee closely misses you. The killer bee barely misses you.
You feel better. The killer bee barely misses you. The killer bee stings you!
* * * LOW HITPOINT WARNING * * *
You are poisoned.
The killer bee poisons you!
You miss the killer bee.
The killer bee is severely wounded.
* * * LOW HITPOINT WARNING * * *
You feel sick. The killer bee stings you!
You die...

#####...........# #.........#
#...............# ##.......###
#.###...........###........###
#..............#..............
#...⌠....[.................>..
#................###......####
#.⌠.>.⌠.......................
##...........y.###########._..
#..⌠........@.# #...#
#.............# #####
#####........## ##......##
###....# #....# #....# ######


You could see a killer bee.

Vanquished Creatures
  An ogre (D:4)
  A centaur skeleton (D:4)
  A bullfrog skeleton (D:4)
  3 hounds
  4 orc wizards
  A worker ant (D:4)
  4 adders
  3 worms
  3 dart slugs
  3 leopard geckos
  11 orcs
  3 giant cockroaches
  6 goblins
  6 hobgoblins
  9 jackals
  A quokka (D:3)
  A ball python (D:3)
  6 bats
  4 frilled lizards
  3 kobolds
  4 rats
78 creatures vanquished.

Notes
Turn   | Place    | Note
-------+----------+-------------------------------------------
     0 | D:1      | Descartes the Tengu Air Elementalist began the quest for
                  | the Orb.
     0 | D:1      | Reached XP level 1. HP: 10/10 MP: 4/4
   466 | D:1      | Reached XP level 2. HP: 15/15 MP: 0/6
  1172 | D:2      | Reached XP level 3. HP: 19/19 MP: 5/7
  1300 | D:2      | Reached skill level 1 in Armour
  1403 | D:2      | Found a shimmering altar of Xom.
  1969 | D:2      | Found a stormy altar of Qazlal.
  1969 | D:2      | Found a burning altar of Makhleb.
  1969 | D:2      | Found an iron altar of Okawaru.
  2213 | D:3      | Reached XP level 4. HP: 24/24 MP: 5/8
  2816 | D:3      | Reached skill level 5 in Air Magic
  2816 | D:3      | Gained mutation: You can fly continuously. [Tengu growth]
  2816 | D:3      | Reached XP level 5. HP: 28/28 MP: 1/10
  2819 | D:3      | Found a basalt altar of Yredelemnul.
  3269 | D:3      | Learned a level 2 spell: Swiftness
  3274 | D:3      | Learned a level 4 spell: Airstrike
  3681 | D:4      | Noticed an ogre
  3687 | D:4      | Killed an ogre
  3687 | D:4      | Reached XP level 6. HP: 27/32 MP: 2/11
  4024 | D:4      | Found a shattered altar of Ashenzari.
  4150 | D:4      | Found an opulent altar of Gozag.
  4184 | D:4      | Reached XP level 7. HP: 36/36 MP: 9/13
  4216 | D:4      | Found a staircase to the Ecumenical Temple.
  4225 | Temple   | Entered the Ecumenical Temple
  4257 | Temple   | Became a worshipper of Vehumet
  4372 | D:4      | Learned a level 5 spell: Lightning Bolt
  4429 | D:4      | Gained mutation: Your flesh is cold resistant. (rC+)
                  | [potion of mutation]
  4429 | D:4      | Gained mutation: You are partially covered in molten
                  | scales. (AC +2) [potion of mutation]
  4508 | D:4      | Learned a level 1 spell: Apportation
  4727 | D:4      | Reached skill level 6 in Air Magic
  4838 | D:5      | Entered Level 5 of the Dungeon
  4992 | D:4      | Slain by a killer bee

Levels and vault maps discovered:
D:1:      doesnt_arrival_eight_statues, layout_loops_ring
D:2:      layout_loops_corners, lemuel_round_altar,
          gammafunk_temple_overflow_claw, serial_glass, glass_columns_c,
          glass_columns_b
D:3:      kennysheep_six_static_rooms, layout_basic, first_ration,
          minmay_misc_feat_square, yredelemnul_altar_generic
D:4:      layout_rooms, lemuel_doored_altar, temple_fountains,
          nicolae_gozag_seed_capital
D:5:      layout_rooms, ebering_ghost_reflecting_pool, serial_shops,
          nicolae_shop_crystal, basic_altar, minmay_shop_mass,
          minmay_misc_feat_four_crosses
Temple:   regret_index_temple_sphere_string

Skill      XL: |  1  2  3  4  5  6  7 |
---------------+----------------------+-----
Conjurations   | 2 3 4 |  4.8
Armour         | 1 2 |  2.2
Air Magic      | 5 6 |  6.0
Spellcasting   | 3 |  3.6
Dodging        | 3 |  3.3
Stealth        | 3 |  3.1
Translocations | |  0.1
Evocations     | |  0.2

Action                   |  1- 3 |  4- 6 |  7- 9 || total
-------------------------+-------+-------+-------++-------
Melee: Unarmed           |     2 |       |       ||     2
       Kick              |     3 |     6 |     2 ||    11
       Dagger            |    20 |    28 |    16 ||    64
       Peck              |     2 |     3 |       ||     5
 Cast: Shock             |    60 |    77 |    23 ||   160
       Airstrike         |       |       |     1 ||     1
 Abil: Fly               |       |     1 |       ||     1
  Use: Potion            |     1 |       |     2 ||     3
       Scroll            |       |       |     5 ||     5
  Eat: Chunk             |     4 |     7 |     2 ||    13
Armor: Robe              |       |     4 |     2 ||     6
Dodge: Dodged            |    12 |    22 |    18 ||    52
